 Dungeon Crawl Stone Soup version 0.23.1-42-g8abd8fc (webtiles) character file.

Game seed: 4272823907878231928

4585 Borgoz the Cutter (level 10, 0/63 HPs)
             Began as a Gargoyle Fighter on Mar 30, 2019.
             Was a Follower of Ashenzari.
             Splashed by a jelly's acid (1 damage)
             ... on level 9 of the Dungeon.
             The game lasted 00:21:58 (7298 turns).

Borgoz the Cutter (Gargoyle Fighter)                Turns: 7298, Time: 00:21:59

Health: 0/63       AC: 10    Str: 20    XL:     10   Next: 41%
Magic:  0/10       EV: 11    Int:  9    God:    Ashenzari [*.....]
Gold:   202        SH: 10    Dex: 12    Spells: 4/9 levels left

rFire    . . .     SeeInvis .   j - +4 dagger
rCold    . . .     Gourm    .   c - +0 shield
rNeg     + . .     Faith    .   b - +0 scale mail
rPois    ∞         Spirit   +   (no helmet)
rElec    +         Reflect  .   k - scarf {Spirit}
rCorr    .         Harm     .   g - +2 pair of gloves
MR       +....                  m - +1 pair of boots
Stlth    ..........             (no amulet)
HPRegen  0.20/turn              n - ring of protection from magic
MPRegen  0.12/turn              (no ring)

@: corroded, very slightly contaminated
A: claws 1, iridescent scales 1, negative energy resistance 1, electricity
resistance, unbreathing, petrification resistance, rot immunity, AC +7
a: Curse Item, Scrying, Renounce Religion


You were on level 9 of the Dungeon.
You worshipped Ashenzari.
Ashenzari was aware of your devotion.
You were hungry.

You visited 2 branches of the dungeon, and saw 11 of its levels.
You also visited: Sewer.

You collected 404 gold pieces.
You spent 202 gold pieces at shops.

Inventory:

Hand Weapons
 a - a +0 rapier
 d - a +1 short sword of venom
 j - a +4 dagger (weapon)
 G - a +4 short sword of freezing
Missiles
 B - 12 tomahawks (quivered)
Armour
 b - a +0 scale mail (worn)
 c - a +0 shield (worn)
 g - a +2 pair of gloves (worn)
 k - a scarf of spirit shield (worn)
 m - a +1 pair of boots (worn)
 E - the +1 robe of Hoddaare {*Drain Dex+7}
   (You found it on level 6 of the Dungeon)

   It affects your dexterity (+7).
   It causes draining when unequipped.
Jewellery
 n - a ring of protection from magic (left hand)
 x - an uncursed ring of protection from cold
Wands
 u - a wand of random effects (22)
 H - a wand of clouds (6)
 I - a wand of enslavement (8)
 L - a wand of acid (9)
Scrolls
 e - 5 scrolls of amnesia
 i - 7 scrolls of remove curse
 o - 8 scrolls of teleportation
 t - 4 scrolls of enchant weapon
 w - a scroll of noise {unknown}
 y - a scroll of fog {unknown}
 A - a scroll of magic mapping {unknown}
 C - 2 scrolls of enchant armour {unknown}
 F - 2 scrolls of fear {unknown}
 K - 3 scrolls of identify
Potions
 h - 4 potions of flight
 l - a potion of resistance
 q - a potion of magic
 r - a potion of haste
 v - a potion of brilliance
 z - a potion of mutation
 D - a potion of might
Comestibles
 f - 21 rations


   Skills:
 + Level 7.0 Fighting
 * Level 7.4 Short Blades
 + Level 7.0 Armour
 * Level 6.5 Dodging
 + Level 7.1 Shields


You had 4 spell levels left.
You knew the following spells:

 Your Spells              Type           Power        Failure   Level  Hunger
a - Blink                 Tloc           N/A          99%         2    ###....
b - Mephitic Cloud        Conj/Pois/Air  #.......     100%        3    ####...

Your spell library contained the following spells:

 Spells                   Type           Power        Failure   Level  Hunger
 Beastly Appendage        Tmut           #.....       96%         1    ##.....
 Magic Dart               Conj           #...         96%         1    ##.....
 Call Imp                 Summ           #.......     99%         2    ###....
 Slow                     Hex            #.......     99%         2    ###....
 Sticks to Snakes         Tmut           #.......     99%         2    ###....
 Conjure Flame            Conj/Fire      #.......     100%        3    ####...
 Spider Form              Tmut/Pois      #.........   100%        3    ####...
 Ice Form                 Ice/Tmut       #.......     100%        4    #####..
 Blade Hands              Tmut           #.........   100%        5    ######.


Dungeon Overview and Level Annotations

Branches:
Dungeon (10/15)            Temple (1/1) D:6             Orc (0/2) D:9
   Lair: D:8-11

Altars:
Ashenzari
Cheibriados
Dithmenos
Elyvilon
Fedhas
Gozag
Hepliaklqana
Kikubaaqudgha
Makhleb
Nemelex Xobeh
Okawaru
Qazlal
Ru
Sif Muna
Trog
Uskayaw
Vehumet
Wu Jian
Xom
Yredelemnul
Zin
The Shining One

Shops:
D:5 ?   D:6 %   D:7 !

Annotations:
D:7 2 transporters, Aston's ghost, novice HaAM


Innate Abilities, Weirdness & Mutations

You are resistant to torment.
Your stone body is resilient. (AC +7)
You are immune to poison.
You resist negative energy. (rN+)
You are resistant to electric shocks. (rElec)
You can survive without breathing.
You are immune to petrification.
You are immune to rotting.
You have sharp fingernails.
You are partially covered in iridescent scales. (AC +2)


Message History

The jelly is moderately wounded.
You block the jelly's attack.
You hit the jelly.
Your hands burn!
* * * LOW HITPOINT WARNING * * *
The jelly is moderately wounded.
You hit the jelly but do no damage.
Your hands burn!
* * * LOW HITPOINT WARNING * * *
The jelly is moderately wounded.
The jelly hits you but does no damage.
You completely miss the jelly.
The jelly is moderately wounded.
The jelly hits you but does no damage.
You hit the jelly.
Your hands burn!
* * * LOW HITPOINT WARNING * * *
The jelly is heavily wounded.
You hit the jelly but do no damage.
Your hands burn!
The jelly is heavily wounded.
You block the jelly's attack.
You hit the jelly but do no damage. The acid corrodes you!
Your hands burn!
You die...

####(#### # #...((..# #
....(...# # #...(...# #
#.......# # #...)...# #
#.......# # ##J###### # #@.# ##
##.# #O #.# #. #####'### #Z
#.#...#.# #. ####.#.#.#.#####
#####'
####..'.#.#...'...####...a.
######....##.#.###.###...##.Z...
##......#####.#...#.#
###..+.....


You could see a jelly.

Vanquished Creatures
  A troll (D:9)
  A spriggan (D:8)
  2 hungry ghosts
  Menkaure (D:4)
  An orc warrior (D:9)
  An eye of draining (D:8)
  2 ice beasts
  3 phantoms
  2 black bears
  A sky beast (D:6)
  5 centaurs
  An ogre (D:7)
  2 big kobolds (Sewer)
  4 bullfrogs
  7 killer bees (D:8)
  6 scorpions
  6 wights (D:6)
  5 crimson imps
  2 bullfrog zombies
  2 hounds (D:4)
  5 jellies
  4 orc priests
  Terence (D:3)
  2 iguanas
  5 orc wizards
  4 worker ants
  A hound zombie (D:7)
  A worker ant zombie (D:5)
  14 adders
  3 shadow imps
  5 oozes
  2 adder skeletons
  7 worms
  A dart slug (D:4)
  3 leopard geckos
  25 orcs
  8 bats
  8 giant cockroaches
  7 goblins
  14 hobgoblins
  9 jackals
  12 kobolds
  6 ball pythons
  7 frilled lizards
  A leopard gecko skeleton (D:6)
  A quokka skeleton (D:5)
  10 rats
221 creatures vanquished.

Notes
Turn   | Place    | Note
-------+----------+-------------------------------------------
     0 | D:1      | Borgoz the Gargoyle Fighter began the quest for the Orb.
     0 | D:1      | Reached XP level 1. HP: 14/14 MP: 1/1
    41 | D:1      | Reached XP level 2. HP: 19/19 MP: 2/2
   186 | D:1      | Reached XP level 3. HP: 20/23 MP: 3/3
   188 | D:1      | Reached skill level 1 in Dodging
  1357 | D:2      | Reached XP level 4. HP: 26/28 MP: 2/4
  1592 | D:2      | Reached XP level 5. HP: 33/33 MP: 3/5
  1637 | D:2      | Found a faded altar of an unknown god.
  1725 | D:2      | Found an iron altar of Okawaru.
  1977 | D:3      | Found a glowing drain.
  2041 | Sewer    | Entered a sewer
  2337 | Sewer    | Noticed a big kobold
  2337 | Sewer    | Noticed a big kobold
  2361 | Sewer    | Killed a big kobold
  2361 | Sewer    | Reached XP level 6. HP: 36/38 MP: 6/6
  2596 | D:3      | Noticed Terence
  2609 | D:3      | Killed Terence
  2790 | D:4      | Learned a level 2 spell: Blink
  2794 | D:4      | Learned a level 3 spell: Mephitic Cloud
  2855 | D:4      | Reached XP level 7. HP: 38/43 MP: 5/7
  2973 | D:4      | Gained mutation: You have sharp fingernails. [potion of
                  | mutation]
  2973 | D:4      | Gained mutation: You are partially covered in iridescent
                  | scales. (AC +2) [potion of mutation]
  3207 | D:4      | Noticed Menkaure
  3225 | D:4      | Killed Menkaure
  3349 | D:5      | Entered Level 5 of the Dungeon
  3358 | D:5      | Reached XP level 8. HP: 48/48 MP: 8/8
  3436 | D:5      | Reached skill level 5 in Shields
  3488 | D:5      | Reached skill level 5 in Fighting
  3488 | D:5      | Reached skill level 5 in Armour
  3737 | D:5      | Reached skill level 5 in Short Blades
  3871 | D:5      | Found Zoosutul's Magic Scroll Emporium.
  3875 | D:5      | Bought a scroll of teleportation for 33 gold pieces
  3875 | D:5      | Bought a scroll of blinking for 82 gold pieces
  3875 | D:5      | Bought a scroll of identify for 22 gold pieces
  4070 | D:6      | Found a staircase to the Ecumenical Temple.
  4086 | Temple   | Entered the Ecumenical Temple
  4214 | Temple   | Became a worshipper of Ashenzari the Shackled
  4398 | D:6      | Reached XP level 9. HP: 50/54 MP: 9/9
  4520 | D:6      | Found Fagak's Food Boutique.
  4566 | D:6      | Reached skill level 5 in Dodging
  5005 | D:6      | Got the uncursed robe of Hoddaare {*Drain Dex+7}
  5126 | D:7      | Found Kokhlod's Distillery.
  5137 | D:7      | Bought a potion of berserk rage for 65 gold pieces
  5166 | D:7      | Found a transporter.
  5170 | D:7      | Found a transporter.
  5170 | D:7      | Noticed Aston's ghost (novice HaAM)
  5171 | D:7      | Noticed a hornet
  5223 | D:7      | Found a blossoming altar of Fedhas.
  5544 | D:7      | Found a sacrificial altar of Ru.
  5746 | D:7      | Found a snail-covered altar of Cheibriados.
  6056 | D:8      | Reached XP level 10. HP: 61/61 MP: 2/10
  6140 | D:8      | Found a deep blue altar of Sif Muna.
  6234 | D:8      | Found a shadowy altar of Dithmenos.
  6409 | D:8      | Reached * piety under Ashenzari
  6528 | D:9      | Found a staircase to the Orcish Mines.
  7141 | D:10     | Entered Level 10 of the Dungeon
  7186 | D:10     | Noticed a gargoyle
  7190 | D:10     | Noticed a two-headed ogre
  7257 | D:9      | Noticed a two-headed ogre
  7294 | D:9      | HP: 1/63 [acid (4)]
  7298 | D:9      | Splashed by a jelly's acid

Skill      XL: |  1  2  3  4  5  6  7  8  9 10 |
---------------+-------------------------------+-----
Short Blades   | 2 3 4 5 6 7 |  7.4
Dodging        | 1 2 3 4 6 |  6.5
Fighting       | 4 5 6 7 |  7.0
Armour         | 4 5 6 7 |  7.0
Shields        | 4 5 6 7 |  7.1

Action                   |  1- 3 |  4- 6 |  7- 9 | 10-12 || total
-------------------------+-------+-------+-------+-------++-------
Melee: Rapier            |   149 |   225 |       |       ||   374
       Dagger            |       |    89 |   729 |   361 ||  1179
  Use: Potion            |       |       |     8 |     3 ||    11
       Scroll            |       |       |     6 |     4 ||    10
  Eat: Chunk             |     2 |     5 |     8 |     5 ||    20
       Ration            |       |       |     1 |     1 ||     2
Armor: Scale mail        |    56 |   155 |   282 |   235 ||   728
Dodge: Dodged            |    30 |   104 |   227 |   133 ||   494
Block: Shield            |    68 |   155 |   314 |   190 ||   727
